 Dungeon Crawl Stone Soup version 0.31-a0-865-g3d5d91748a (webtiles) character file.

Game seed: 13859219692833505529

79 wvc the Firebug (level 4, 0/24 HPs)
             Began as a Gargoyle Fire Elementalist on Oct 10, 2023.
             Slain by a gnoll
             ... wielding a +1 spear of distortion
              (4 damage)
             ... on level 2 of the Dungeon.
             The game lasted 00:03:58 (1791 turns).

wvc the Firebug (Gargoyle Fire Elementalist)        Turns: 1791, Time: 00:03:58

Health: 0/24       AC:  7    Str: 11    XL:     4   Next: 37%
Magic:  4/7        EV:  6    Int: 18    God:
Gold:   74         SH:  0    Dex: 10    Spells: 1/8 levels left

rFire   . . .        c - +0 rapier
rCold   . . .        (no shield)
rNeg    + . .        a - +0 robe
rPois   ∞            e - +1 helmet
rElec   +            (no cloak)
rCorr   .            (no gloves)
SInv    .            (no boots)
Will    .....        (no amulet)
Stlth   ++           (no ring)
HPRegen 0.24/turn    (no ring)
MPRegen 0.10/turn

%: no passive effects
@: held
A: sickness immunity, AC +3, negative energy resistance 1, electricity
resistance, torment resistance 1, petrification resistance
a: no special abilities


You were on level 2 of the Dungeon.
You visited 1 branch of the dungeon, and saw 2 of its levels.

You collected 74 gold pieces.

Inventory:

Hand Weapons
 c - a +0 rapier (weapon)
 l - a +0 vampiric long sword
Missiles
 d - 6 atropa-tipped darts
Armour
 a - a +0 robe (worn)
 e - a +1 helmet (worn)
Magical Staves
 f - a staff of earth
Potions
 b - a potion of magic
 g - a potion of mutation {unknown}
 j - a potion of heal wounds {unknown}
 k - a potion of resistance {unknown}
 m - a potion of berserk rage {unknown}


   Skills:
 - Level 1.5 Dodging
 - Level 2.1 Stealth
 + Level 2.6 Spellcasting
 * Level 2.5 Conjurations
 + Level 4.0 Fire Magic


You had one spell level left.
You knew the following spells:

 Your Spells              Type           Power      Damage    Failure   Level
a - Foxfire               Conj/Fire      56%        2x1d6     4%          1
b - Scorch                Fire           34%        2d6       4%          2
c - Flame Wave            Conj/Fire      14%        2d6       41%         4

Your spell library contained the following spells:

 Spells                   Type           Power      Damage    Failure   Level
 Necrotise                Necr           8%         1d4       17%         1
 Inner Flame              Hex/Fire       9%         N/A       22%         3
 Volatile Blastmotes      Fire/Tloc      18%        2d11      22%         3
 Vampiric Draining        Necr           2%         2d6       45%         3
 Agony                    Necr           2%         N/A       99%         5


Dungeon Overview and Level Annotations

Branches:
Dungeon (2/15)

Altars:


Innate Abilities, Weirdness & Mutations

You are immune to sickness and miasma.
Your stone body is resilient. (AC +3)
You are immune to poison.
You resist negative energy. (rN+)
You are resistant to electric shocks. (rElec)
You are resistant to unholy torment.
You are immune to petrification.


Message History

The gnoll is severely wounded.
The gnoll attacks as it pursues you! The gnoll closely misses you.
The gnoll attacks as it pursues you! The gnoll hits you with a +0 club.
Casting: Foxfire (safe; 4% risk of failure)
Press: ? - help, Q - select action, (/) - cycle Dir - look around, f - activate You conjure some foxfire!
The gnoll hits you with a +0 club!
The foxfire hits the gnoll but does no damage.
The gnoll is severely wounded.
The foxfire hits the gnoll.
The gnoll is almost dead.
The gnoll attacks as it pursues you! The gnoll misses you.
Casting: Foxfire (safe; 4% risk of failure)
Press: ? - help, Q - select action, (/) - cycle Dir - look around, f - activate You conjure some foxfire!
The gnoll barely misses you.
Your foxfire dissipates!
The foxfire hits the gnoll.
You kill the gnoll!
The gnoll throws a throwing net.
The throwing net hits you.
You become entangled in the net!
You see here a throwing net.
You struggle against the net.
You tear a large gash into the net.
The gnoll barely misses you.
You shred the net and break free!
The gnoll hits you from afar with a +1 spear of distortion.
Space warps around you!
* * * LOW HITPOINT WARNING * * *
Casting: Foxfire (safe; 4% risk of failure)
Press: ? - help, Q - select action, (/) - cycle Dir - look around, f - activate You conjure some foxfire!
The gnoll throws a throwing net.
The throwing net hits you.
You become entangled in the net!
The gnoll hits you with a +0 flail.
* * * LOW HITPOINT WARNING * * *
The foxfire hits the gnoll.
The gnoll is moderately wounded.
The foxfire hits the gnoll.
The gnoll is lightly wounded.
The gnoll hits you from afar with a +1 spear of distortion.
You die...

####...........##.#
...............##.#
####.#########.##.# #.# #.#
#.##.# #.#
####.#########.##.#############.#
>.........................§b§..>#
.#.#.....................§§§###.#
.#.#.#########..§....######b# #.#
.#.#............@.g.....# #.# #.#
...[............g.#.###.###.###.#
......########....#.# #..........
.#.........# ##.).#.# #####.###.#
.#....####.# #...#g# #.# #.#
.#.#......... ....#.# #.# #.#
...........####...#.#######.# #.#
.#.#.......# #...#.......... ...
.#.#.##....# #.#######.# #.#


You could see 2 gnolls.

Vanquished Creatures
  A gnoll (D:2)
  2 adders (D:2)
  3 worms (D:2)
  5 ball pythons
  An endoplasm (D:1)
  3 goblins
  5 hobgoblins
  2 jackals (D:1)
  5 quokkas
  6 bats
  4 kobolds
  3 rats (D:2)
40 creatures vanquished.

Vanquished Creatures (others)
  100 foxfires
100 creatures vanquished.

Grand Total: 140 creatures vanquished

Notes
Turn   | Place    | Note
-------+----------+-------------------------------------------
     0 | D:1      | wvc the Gargoyle Fire Elementalist began the quest for the
                  | Orb.
     0 | D:1      | Reached XP level 1. HP: 10/10 MP: 3/3
   324 | D:1      | Reached XP level 2. HP: 15/15 MP: 3/5
   937 | D:1      | Found a faded altar of an unknown god.
  1135 | D:2      | Reached XP level 3. HP: 19/19 MP: 3/6
  1414 | D:2      | Reached skill level 4 in Fire Magic
  1414 | D:2      | Reached XP level 4. HP: 23/24 MP: 2/7
  1512 | D:2      | Learned a level 2 spell: Scorch
  1517 | D:2      | Learned a level 4 spell: Flame Wave
  1791 | D:2      | Slain by a gnoll

Illustrated notes

Levels and vault maps discovered:
D:1:      minmay_arrival_nine_rooms, layout_loops_corners,
          chequers_ecumenical_altar_grove
D:2:      layout_basic, chequers_jeans

Skill      XL: |  1  2  3 |
---------------+----------+-----
Conjurations   | 2 |  2.5
Fire Magic     | 4 |  4.0
Dodging        | |  1.5
Stealth        | |  2.1
Spellcasting   | |  2.6

Action                     |  1- 3 |  4- 6 || total
---------------------------+-------+-------++-------
  Melee: Rapier            |    29 |    11 ||    40
   Cast: Foxfire           |    43 |    16 ||    59
    Use: Scroll            |       |     4 ||     4
   Stab: Sleeping          |     1 |       ||     1
 Armour: Robe              |    20 |    13 ||    33
  Dodge: Dodged            |    22 |     8 ||    30

Table legend: (Time is in decaauts)
 A = Elapsed time spent in this place.
 B = Non-inter-level travel time spent in this place.
 C = Inter-level travel time spent in this place.
 D = Time resting spent in this place.
 E = Time spent auto-exploring this place.
 F = Levels seen in this place.
 G = Mean time per level.
                   A        B        C        D        E       F      G
               +--------+--------+--------+--------+--------+-----+--------+
         Total |   1798 |   1759 |     39 |     17 |   1383 |   2 |  899.0 |
       Dungeon |   1798 |   1759 |     39 |     17 |   1383 |   2 |  899.0 |
               +--------+--------+--------+--------+--------+-----+--------+

Top non-repeatable levels by time:
     D:1: 1126 daAuts
     D:2: 671 daAuts
